 Dungeon Crawl Stone Soup version 0.20.0-15-g7f486f2 (webtiles) character file.

416 renl the Chopper (level 6, -1/39 HPs)
             Began as a Gargoyle Fighter on July 3, 2017.
             Killed by divine providence
             ... invoked by an orc priest
              (13 damage)
             ... on level 4 of the Dungeon.
             The game lasted 00:13:04 (2519 turns).

renl the Chopper (Gargoyle Fighter)                 Turns: 2519, Time: 00:13:05

Health: -1/39      AC: 15    Str: 21    XL:     6   Next: 92%
Magic:  6/6        EV:  7    Int:  9    God:
Gold:   143        SH:  9    Dex:  9    Spells: 5/5 levels left

rFire    . . .     SeeInvis .   a - +0 war axe
rCold    + . .     Gourm    .   c - +0 shield
rNeg     + . .     Faith    .   m - +2 scale mail {rC+}
rPois    ∞         Spirit   .   w - +2 hat
rElec    +         Reflect  .   (no cloak)
rCorr    .         Harm     .   (no gloves)
MR       .....                  (no boots)
Stlth    ..........             u - amulet of rage
Regen    0.2/turn               i - ring of wizardry
MPRegen  0.1/turn               (no ring)

@: no status effects
A: negative energy resistance 1, electricity resistance, unbreathing,
petrification resistance, rot immunity, AC +4
a: Evoke Berserk Rage


You were on level 4 of the Dungeon.
You were not hungry.

You visited 1 branch of the dungeon, and saw 4 of its levels.

You collected 143 gold pieces.

Inventory:

Hand Weapons
 a - a +0 war axe (weapon)
Armour
 c - a +0 shield (worn)
 m - a +2 scale mail of cold resistance (worn)
 w - a +2 hat (worn)
Jewellery
 i - a ring of wizardry (left hand)
 u - an amulet of rage (around neck)
Wands
 n - a wand of polymorph (4/24)
Scrolls
 e - 3 scrolls of amnesia {unknown}
 g - 3 scrolls of teleportation {unknown}
 h - 4 scrolls of identify {unknown}
 s - a scroll of noise {unknown}
 v - a scroll of enchant armour {unknown}
 x - a scroll of magic mapping {unknown}
Potions
 b - 2 potions of degeneration {unknown}
 d - a potion of might
 l - a potion of lignification {unknown}
 p - a potion of brilliance {unknown}
 r - a potion of haste {unknown}
 t - a potion of curing {unknown}
Comestibles
 f - 4 bread rations
 j - 5 fruits
 k - 2 royal jellies
 o - 12 chunks of flesh
 q - 2 meat rations


   Skills:
 + Level 4.3 Fighting
 * Level 5.5 Axes
 + Level 4.3 Armour
 - Level 3.2 Shields
 + Level 0.5 Evocations


You had 5 spell levels left.
You didn't know any spells.

Dungeon Overview and Level Annotations

Branches:
Dungeon (3/15)

Altars:
Xom


Innate Abilities, Weirdness & Mutations

You are resistant to torment.
Your stone body is resilient. (AC +4)
You are immune to poison.
You resist negative energy. (rN+)
You are resistant to electric shocks. (rElec)
You can survive without breathing.
You are immune to petrification.
You are immune to rotting.


Message History

The puff of flame hits you! You block the orc's attack.
Okay, then.
Unknown command.
You closely miss the orc wizard.
The orc wizard is moderately wounded.
You slash the orc!
You kill the orc!
You block the orc wizard's attack.
The orc wizard hits you but does no damage.
You barely miss the orc wizard.
The orc wizard is moderately wounded.
You hit the orc but do no damage. The orc wizard casts a spell at you.
The magic dart hits you! The orc closely misses you.
The orc wizard casts a cantrip, but nothing happens.
The orc hits you but does no damage. You block the orc wizard's attack.
The orc wizard hits you with a dagger.
The orc priest invokes the aid of Beogh against you.
Beogh smites you!
You die...

#........#
#........#
#........#
#........#
#........# #######
#........# .......
#........# .......
#........# .......
#...@oo..# ..oo...
#..>.o..o##.......
#####.##)oo.......
#.####........ #.#
#........ #.#
##....... #.#
....... #.#
####... ###.# ##.


You could see an orc priest, an orc wizard and 4 orcs.

Vanquished Creatures
  A centaur (D:2)
  Blork the orc (D:4)
  A centaur skeleton (D:4)
  Terence (D:2)
  A worker ant (D:3)
  A hound skeleton (D:4)
  3 gnolls (D:2)
  4 adders
  An ooze (D:1)
  3 worms
  5 leopard geckos
  8 orcs (D:4)
  7 bats
  4 giant cockroaches
  5 goblins
  5 hobgoblins
  16 jackals
  8 kobolds
  5 frilled lizards
  6 rats
86 creatures vanquished.

Notes
Turn   | Place    | Note
-------+----------+-------------------------------------------
     0 | D:1      | renl the Gargoyle Fighter began the quest for the Orb.
     0 | D:1      | Reached XP level 1. HP: 14/14 MP: 1/1
    60 | D:1      | Reached skill level 2 in Axes
    69 | D:1      | Reached XP level 2. HP: 15/19 MP: 2/2
   330 | D:1      | Found a shimmering altar of Xom.
   507 | D:1      | Reached XP level 3. HP: 23/24 MP: 3/3
  1179 | D:2      | Reached skill level 3 in Axes
  1209 | D:2      | Reached XP level 4. HP: 29/29 MP: 4/4
  1284 | D:2      | Noticed Sigmund
  1293 | D:2      | Noticed Terence
  1512 | D:2      | Killed Terence
  1840 | D:2      | Reached XP level 5. HP: 33/33 MP: 5/5
  1847 | D:2      | Reached skill level 4 in Axes
  2160 | D:2      | Noticed Sigmund
  2160 | D:2      | Sigmund changed into Sigmund the centaur
  2169 | D:2      | Killed Sigmund the centaur
  2169 | D:2      | Reached XP level 6. HP: 6/38 MP: 6/6
  2355 | D:3      | You fall through a shaft!
  2355 | D:4      | Noticed Blork the orc
  2358 | D:4      | Reached skill level 5 in Axes
  2392 | D:4      | Killed Blork the orc
  2519 | D:4      | Killed from afar by an orc priest

Skill      XL: |  1  2  3  4  5  6 |
---------------+-------------------+-----
Axes           | 2 3 4 5 |  5.5
Armour         | 4 |  4.3
Fighting       | 4 |  4.3
Shields        | |  3.2
Evocations     | |  0.5

Action                   |  1- 3 |  4- 6 || total
-------------------------+-------+-------++-------
Melee: War axe           |   212 |   166 ||   378
       Unarmed           |       |    12 ||    12
 Abil: Evoke Berserk Rag |       |     1 ||     1
Evoke: Wand              |       |     2 ||     2
  Eat: Chunk             |     1 |     6 ||     7
Armor: Scale mail        |   134 |    96 ||   230
       Skin              |       |     6 ||     6
Dodge: Dodged            |    89 |    82 ||   171
Block: Shield            |   165 |    98 ||   263
